 Dungeon Crawl Stone Soup version 0.22.1-1-ga44c0e56f4 (webtiles) character file.

13761 Morbidden the Blocker (level 12, -10/96 HPs)
             Began as a Gnoll Fighter on Oct 29, 2018.
             Was a High Priest of Cheibriados.
             Mangled by a cyan ugly thing (17 damage)
             ... on level 11 of the Dungeon.
             The game lasted 00:23:39 (9548 turns).

Morbidden the Blocker (Gnoll Fighter)               Turns: 9548, Time: 00:23:39

Health: -10/96     AC: 18    Str: 31    XL:     12   Next: 9%
Magic:  17/22      EV: 13    Int: 27    God:    Cheibriados [*****.]
Gold:   613        SH: 14    Dex: 27    Spells: 24/24 levels left

rFire    . . .     SeeInvis .   a - +0 war axe
rCold    + . .     Gourm    .   c - +0 shield
rNeg     + + .     Faith    .   L - +0 plate armour (curse)
rPois    .         Spirit   .   (no helmet)
rElec    .         Reflect  .   t - +1 cloak {MR+}
rCorr    .         Harm     .   q - +0 pair of gloves
MR       +....                  j - +0 pair of boots
Stlth    ..........             (no amulet)
HPRegen  0.26/turn              F - +3 ring of protection
MPRegen  0.18/turn              i - ring of the Philosopher {+Inv rC+ rN++}

@: corroded, very slow
A: distributed training, fangs 1, strong nose
a: Bend Time, Temporal Distortion, Slouch, Step From Time, Renounce Religion,
Evoke Invisibility


You were on level 11 of the Dungeon.
You worshipped Cheibriados.
Cheibriados was extremely pleased with you.
You were not hungry.

You visited 1 branch of the dungeon, and saw 11 of its levels.
You also visited: Sewer.

You collected 613 gold pieces.

Inventory:

Hand Weapons
 a - a +0 war axe (weapon)
 v - a +1 scimitar of flaming
Missiles
 A - 5 throwing nets (quivered)
Armour
 c - a +0 shield (worn)
 j - a +0 pair of boots (worn)
 q - a +0 pair of gloves (worn)
 t - a +1 cloak of magic resistance (worn)
 L - a cursed +0 plate armour (worn)
Jewellery
 b - an uncursed ring of fire
 i - the ring of the Philosopher (right hand) {+Inv rC+ rN++}
   (You found it on level 6 of the Dungeon)

   [ring of protection from cold]

   It protects you from cold.
   It greatly protects you from negative energy.
   It lets you turn invisible.
 m - an uncursed ring of wizardry
 F - a +3 ring of protection (left hand)
Wands
 p - a wand of clouds (4)
 z - a wand of digging (8)
Scrolls
 e - 9 scrolls of identify
 g - 4 scrolls of teleportation
 k - a scroll of amnesia
 l - a scroll of random uselessness {unknown}
 o - 2 scrolls of magic mapping
 u - 3 scrolls of blinking {unknown}
 w - 3 scrolls of fog
 y - a scroll of noise {unknown}
 B - 4 scrolls of remove curse
 D - 4 scrolls of enchant armour {unknown}
 G - 2 scrolls of enchant weapon {unknown}
 H - a scroll of fear {unknown}
 I - 3 scrolls of vulnerability {unknown}
Potions
 d - 3 potions of might
 h - a potion of flight
 n - a potion of resistance {unknown}
 r - 3 potions of curing
 s - a potion of lignification {unknown}
 x - a potion of magic
 C - a potion of agility {unknown}
 K - a potion of invisibility {unknown}
Comestibles
 f - 23 rations
 E - 2 chunks of flesh


   Skills:
 + Level 9.5 Fighting
 + Level 6.8 Short Blades
 + Level 6.8 Long Blades
 + Level 8.3 Axes
 + Level 6.8 Maces & Flails
 + Level 6.8 Polearms
 + Level 6.8 Staves
 + Level 6.8 Slings
 + Level 6.8 Bows
 + Level 6.8 Crossbows
 + Level 6.8 Throwing
 + Level 9.5 Armour
 + Level 6.8 Dodging
 + Level 6.8 Stealth
 + Level 9.5 Shields
 + Level 6.8 Unarmed Combat
 + Level 6.8 Spellcasting
 + Level 5.6 Conjurations
 + Level 5.6 Hexes
 + Level 5.6 Charms
 + Level 5.6 Summonings
 + Level 5.6 Necromancy
 + Level 5.6 Translocations
 + Level 5.6 Transmutations
 + Level 5.6 Fire Magic
 + Level 5.6 Ice Magic
 + Level 5.6 Air Magic
 + Level 5.6 Earth Magic
 + Level 5.6 Poison Magic
 + Level 7.5 Invocations
 + Level 6.8 Evocations


You had 24 spell levels left.
You didn't know any spells.
Your spell library contained the following spells:

 Spells                   Type           Power        Failure   Level  Hunger
 Flame Tongue             Conj/Fire      #####        9%          1    None
 Shock                    Conj/Air       ####         9%          1    None
 Swiftness                Chrm/Air       #####...     12%         2    None
 Throw Flame              Conj/Fire      #####.       12%         2    None
 Conjure Flame            Conj/Fire      #####...     24%         3    None
 Inner Flame              Hex/Fire       #####...     24%         3    None
 Static Discharge         Conj/Air       #####...     24%         3    None
 Airstrike                Air            #####.....   63%         4    ###....
 Sticky Flame             Conj/Fire      #####...     63%         4    ###....
 Fireball                 Conj/Fire      #####.....   92%         5    #####..
 Lightning Bolt           Conj/Air       #####.....   92%         5    #####..


Dungeon Overview and Level Annotations

Branches:
Dungeon (11/15)            Temple (0/1) D:4
   Lair: D:8-11         Orc: D:9-12

Altars:
Cheibriados
Dithmenos
Elyvilon
Okawaru
Ru
Uskayaw

Shops:
D:5 }


Innate Abilities, Weirdness & Mutations

Your experience applies equally to all skills.
You have very sharp teeth.
Your uncanny sense of smell can sniff out nearby items.


Message History

Unknown command.
Unknown command.
Unknown command.
You can feel time thicken for a moment.
You kill the brown ugly thing!
Cheibriados appreciates the change of pace.
You kill the kobold!
Cheibriados thoroughly appreciates the change of pace.
You kill the kobold!
Cheibriados appreciates the change of pace.
You kill the bullfrog!
Cheibriados appreciates the change of pace.
You feel somewhat more hungry.
The big kobold throws a stone.
The stone barely misses you. The two-headed ogre barely misses you.
The two-headed ogre hits you with a giant club!
* * * LOW HITPOINT WARNING * * *
The cyan ugly thing engulfs you.
* * * LOW HITPOINT WARNING * * *
The cyan ugly thing shocks you!
You die...

. .. ... .... #### .....
#.. #.## ### ......#.##
...# #.. .....K.@(###
..# #.. .....)uO)..#
#.## #..
....#..#.#(######..###..
..# #....#.....(...##...
. #.#..#....<[...#....
#.........[รท...[)#..
##..............##..
................##.#
.##...........#.##.#


You could see a cyan ugly thing, a two-headed ogre and a big kobold.

Vanquished Creatures
  Josephine (D:10)
  Erolcha (D:10)
  Harold (D:8)
  Erica (D:10)
  A two-headed ogre (D:6)
  Pikel (D:4)
  A cyclops (D:11)
  An ugly thing (D:11)
  The ghost of vierth the Cleaver, a novice MiFi of the Shining One (D:6)
  3 trolls
  Grinder (D:4)
  A hippogriff (D:9)
  A spriggan (D:10)
  3 wraiths (D:10)
  Sigmund (D:2)
  Eustachio (D:5)
  Grum (D:8)
  A hungry ghost (D:10)
  3 yaks (D:11)
  Menkaure (D:5)
  3 ice beasts
  3 sky beasts
  4 orc warriors
  2 necrophages (D:10)
  2 wolves (D:8)
  2 phantoms
  2 centaurs (D:8)
  2 ogres (D:6)
  A big kobold (D:8)
  11 bullfrogs
  A gnoll sergeant (D:7)
  A wyvern zombie (D:10)
  A water moccasin zombie (D:7)
  2 wyvern skeletons
  2 scorpions
  8 killer bees
  3 jellies
  5 wights (D:8)
  6 howler monkeys
  3 centaur zombies
  5 crimson imps
  A quasit (D:8)
  6 hounds
  A bullfrog skeleton (D:5)
  7 orc priests
  17 orc wizards
  2 iguanas
  Terence (D:2)
  Natasha (twice) (D:4)
  6 worker ants
  A hound zombie (D:10)
  A hound skeleton (D:4)
  A howler monkey zombie (D:7)
  15 gnolls
  15 adders
  4 river rats
  An ooze (D:2)
  An adder zombie (D:7)
  4 worms
  5 dart slugs
  10 leopard geckos
  50 orcs
  9 ball pythons
  7 giant cockroaches
  11 goblins
  8 hobgoblins
  12 jackals
  17 kobolds
  3 quokkas
  8 bats
  13 frilled lizards
  A quokka skeleton (D:7)
  18 rats
353 creatures vanquished.

Vanquished Creatures (others)
  Natasha (D:4)
  An orc (D:4)
2 creatures vanquished.

Grand Total: 355 creatures vanquished

Notes
Turn   | Place    | Note
-------+----------+-------------------------------------------
     0 | D:1      | Morbidden the Gnoll Fighter began the quest for the Orb.
     0 | D:1      | Reached XP level 1. HP: 23/23 MP: 1/1
     7 | D:1      | Noticed a minotaur zombie
     8 | D:1      | Noticed a merfolk zombie
    43 | D:1      | Reached XP level 2. HP: 29/29 MP: 2/2
   412 | D:1      | Reached XP level 3. HP: 31/35 MP: 3/3
   796 | D:2      | Reached skill level 1 in Invocations
   966 | D:2      | Reached skill level 1 in Short Blades
   966 | D:2      | Reached skill level 1 in Long Blades
   966 | D:2      | Reached skill level 1 in Maces & Flails
   966 | D:2      | Reached skill level 1 in Polearms
   966 | D:2      | Reached skill level 1 in Staves
   966 | D:2      | Reached skill level 1 in Slings
   966 | D:2      | Reached skill level 1 in Bows
   966 | D:2      | Reached skill level 1 in Crossbows
   966 | D:2      | Reached skill level 1 in Throwing
   966 | D:2      | Reached skill level 1 in Dodging
   966 | D:2      | Reached skill level 1 in Stealth
   966 | D:2      | Reached skill level 1 in Unarmed Combat
   966 | D:2      | Reached skill level 1 in Spellcasting
   966 | D:2      | Reached skill level 1 in Evocations
   995 | D:2      | Reached XP level 4. HP: 41/41 MP: 5/5
  1161 | D:2      | Found a sacrificial altar of Ru.
  1211 | D:2      | Noticed Sigmund
  1222 | D:2      | Killed Sigmund
  1222 | D:2      | Reached skill level 1 in Conjurations
  1222 | D:2      | Reached skill level 1 in Hexes
  1222 | D:2      | Reached skill level 1 in Charms
  1222 | D:2      | Reached skill level 1 in Summonings
  1222 | D:2      | Reached skill level 1 in Necromancy
  1222 | D:2      | Reached skill level 1 in Translocations
  1222 | D:2      | Reached skill level 1 in Transmutations
  1222 | D:2      | Reached skill level 1 in Fire Magic
  1222 | D:2      | Reached skill level 1 in Ice Magic
  1222 | D:2      | Reached skill level 1 in Air Magic
  1222 | D:2      | Reached skill level 1 in Earth Magic
  1222 | D:2      | Reached skill level 1 in Poison Magic
  1222 | D:2      | Reached XP level 5. HP: 43/47 MP: 5/7
  1222 | D:2      | Reached XP level 6. HP: 49/53 MP: 5/8
  1435 | D:2      | Noticed Terence
  1442 | D:2      | Killed Terence
  1788 | D:3      | Reached skill level 5 in Axes
  1841 | D:3      | Found a hide-covered altar of Uskayaw.
  1863 | D:3      | Noticed a hand axe
  1863 | D:3      | Noticed a dagger
  1999 | D:3      | Found a glowing drain.
  2017 | Sewer    | Entered a sewer
  2588 | D:3      | Reached XP level 7. HP: 59/59 MP: 10/10
  2979 | D:4      | Found a shadowy altar of Dithmenos.
  2981 | D:4      | Noticed Grinder
  2992 | D:4      | Paralysed by Grinder for 2 turns
  3009 | D:4      | Killed Grinder
  3098 | D:4      | Noticed Natasha
  3104 | D:4      | Killed Natasha
  3122 | D:4      | Found a white marble altar of Elyvilon.
  3122 | D:4      | Noticed Pikel
  3125 | D:4      | Noticed Natasha
  3139 | D:4      | Killed Pikel
  3139 | D:4      | Reached XP level 8. HP: 44/67 MP: 12/12
  3140 | D:4      | Killed Natasha
  3164 | D:4      | Noticed Natasha
  3170 | D:4      | Killed Natasha
  3411 | D:4      | Found a snail-covered altar of Cheibriados.
  3428 | D:4      | Became a worshipper of Cheibriados the Contemplative
  3607 | D:4      | Found a staircase to the Ecumenical Temple.
  3693 | D:5      | Entered Level 5 of the Dungeon
  3838 | D:5      | Found an iron altar of Okawaru.
  3955 | D:5      | Reached XP level 9. HP: 61/72 MP: 14/14
  3973 | D:5      | Noticed Eustachio
  4025 | D:5      | Killed Eustachio
  4080 | D:5      | Found Impury's Gadget Boutique.
  4190 | D:5      | Noticed Menkaure
  4205 | D:5      | Killed Menkaure
  4376 | D:6      | Reached * piety under Cheibriados
  5224 | D:6      | Found a runed door.
  5224 | D:6      | Noticed a two-headed ogre
  5224 | D:6      | Noticed vierth's ghost (novice MiFi)
  5240 | D:6      | Killed a two-headed ogre
  5240 | D:6      | Reached skill level 5 in Invocations
  5240 | D:6      | Reached XP level 10. HP: 47/80 MP: 15/17
  5246 | D:6      | Killed vierth's ghost
  5246 | D:6      | Reached ** piety under Cheibriados
  5253 | D:6      | Got a clouded marble ring
  5259 | D:6      | Identified the ring of the Philosopher {+Inv rC+ rN++} (You
                  | found it on level 6 of the Dungeon)
  5726 | D:7      | Reached skill level 5 in Short Blades
  5726 | D:7      | Reached skill level 5 in Long Blades
  5726 | D:7      | Reached skill level 5 in Maces & Flails
  5726 | D:7      | Reached skill level 5 in Polearms
  5726 | D:7      | Reached skill level 5 in Staves
  5726 | D:7      | Reached skill level 5 in Slings
  5726 | D:7      | Reached skill level 5 in Bows
  5726 | D:7      | Reached skill level 5 in Crossbows
  5726 | D:7      | Reached skill level 5 in Throwing
  5726 | D:7      | Reached skill level 5 in Dodging
  5726 | D:7      | Reached skill level 5 in Stealth
  5726 | D:7      | Reached skill level 5 in Unarmed Combat
  5726 | D:7      | Reached skill level 5 in Spellcasting
  5726 | D:7      | Reached skill level 5 in Evocations
  5798 | D:7      | You fall through a shaft for 2 floors!
  5976 | D:8      | Noticed Grum
  6435 | D:7      | Reached *** piety under Cheibriados
  6578 | D:7      | Identified a scroll of acquirement
  6794 | D:7      | Reached **** piety under Cheibriados
  7454 | D:8      | Killed Grum
  7582 | D:8      | Reached XP level 11. HP: 81/87 MP: 19/19
  7699 | D:8      | Noticed Harold
  7715 | D:8      | Killed Harold
  7768 | D:8      | Reached ***** piety under Cheibriados
  7986 | D:10     | Entered Level 10 of the Dungeon
  7986 | D:10     | Noticed Josephine
  8006 | D:10     | Killed Josephine
  8006 | D:10     | Reached skill level 5 in Conjurations
  8006 | D:10     | Reached skill level 5 in Hexes
  8006 | D:10     | Reached skill level 5 in Charms
  8006 | D:10     | Reached skill level 5 in Summonings
  8006 | D:10     | Reached skill level 5 in Necromancy
  8006 | D:10     | Reached skill level 5 in Translocations
  8006 | D:10     | Reached skill level 5 in Transmutations
  8006 | D:10     | Reached skill level 5 in Fire Magic
  8006 | D:10     | Reached skill level 5 in Ice Magic
  8006 | D:10     | Reached skill level 5 in Air Magic
  8006 | D:10     | Reached skill level 5 in Earth Magic
  8006 | D:10     | Reached skill level 5 in Poison Magic
  8197 | D:10     | Noticed Erolcha
  8221 | D:10     | Killed Erolcha
  8958 | D:10     | Noticed Erica
  8977 | D:10     | Killed Erica
  9217 | D:11     | Noticed a cyclops
  9503 | D:11     | Reached XP level 12. HP: 96/96 MP: 22/22
  9538 | D:11     | Noticed a two-headed ogre
  9548 | D:11     | Mangled by a cyan ugly thing

Skill      XL: |  1  2  3  4  5  6  7  8  9 10 11 |
---------------+----------------------------------+-----
Invocations    | 1 2 3 4 5 6 7 |  7.5
Short Blades   | 1 2 3 4 5 6 |  6.8
Long Blades    | 1 2 3 4 5 6 |  6.8
Maces & Flails | 1 2 3 4 5 6 |  6.8
Polearms       | 1 2 3 4 5 6 |  6.8
Staves         | 1 2 3 4 5 6 |  6.8
Slings         | 1 2 3 4 5 6 |  6.8
Bows           | 1 2 3 4 5 6 |  6.8
Crossbows      | 1 2 3 4 5 6 |  6.8
Throwing       | 1 2 3 4 5 6 |  6.8
Dodging        | 1 2 3 4 5 6 |  6.8
Stealth        | 1 2 3 4 5 6 |  6.8
Unarmed Combat | 1 2 3 4 5 6 |  6.8
Spellcasting   | 1 2 3 4 5 6 |  6.8
Evocations     | 1 2 3 4 5 6 |  6.8
Conjurations   | 1 2 3 4 5 |  5.6
Hexes          | 1 2 3 4 5 |  5.6
Charms         | 1 2 3 4 5 |  5.6
Summonings     | 1 2 3 4 5 |  5.6
Necromancy     | 1 2 3 4 5 |  5.6
Translocations | 1 2 3 4 5 |  5.6
Transmutations | 1 2 3 4 5 |  5.6
Fire Magic     | 1 2 3 4 5 |  5.6
Ice Magic      | 1 2 3 4 5 |  5.6
Air Magic      | 1 2 3 4 5 |  5.6
Earth Magic    | 1 2 3 4 5 |  5.6
Poison Magic   | 1 2 3 4 5 |  5.6
Axes           | 5 6 7 8 |  8.3
Fighting       | 7 8 9 |  9.5
Armour         | 7 8 9 |  9.5
Shields        | 7 8 9 |  9.5

Action                   |  1- 3 |  4- 6 |  7- 9 | 10-12 || total
-------------------------+-------+-------+-------+-------++-------
Melee: War axe           |    77 |   204 |   360 |   547 ||  1188
       Bite              |     7 |    19 |    46 |   110 ||   182
Throw: Throwing net      |       |       |       |     1 ||     1
Invok: Slouch            |       |       |       |     3 ||     3
Evoke: Wand              |       |       |     4 |    16 ||    20
  Use: Scroll            |       |     4 |     1 |     5 ||    10
       Potion            |       |       |     7 |     4 ||    11
 Stab: Sleeping          |       |     6 |     5 |       ||    11
       Paralysed         |       |       |     8 |     3 ||    11
       Held in net/web   |       |       |       |     3 ||     3
  Eat: Chunk             |       |     5 |     6 |    11 ||    22
       Ration            |       |       |     1 |       ||     1
Armor: Scale mail        |    28 |    61 |    69 |       ||   158
       Chain mail        |       |       |   114 |    86 ||   200
       Plate armour      |       |       |       |   218 ||   218
Dodge: Dodged            |    19 |    64 |   112 |   281 ||   476
Block: Shield            |    53 |   106 |   200 |   489 ||   848
